 Dungeon Crawl Stone Soup version 0.31-a0-507-gbafd7f5274 (webtiles) character file.

Game seed: 12773023079236355840

221 oldmanjim the Ruffian (level 5, -1/36 HPs)
             Began as an Octopode Shapeshifter on Aug 9, 2023.
             Was an Initiate of Okawaru.
             Slain by Pikel
             ... wielding a +0 whip of freezing
              (5 damage)
             ... on level 4 of the Dungeon.
             The game lasted 00:13:12 (3057 turns).

oldmanjim the Ruffian (Octopode Shapeshifter)       Turns: 3057, Time: 00:13:14

Health: -1/36      AC:  1    Str: 14    XL:     5   Next: 98%
Magic:  0/14       EV: 13    Int: 13    God:    Okawaru [......]
Gold:   167        SH:  0    Dex: 12    Spells: 4/4 levels left

rFire   . .          .
                       - Unarmed
rCold   . . .        (no shield)
rNeg    . . .        (helmet currently unavailable)
rPois   .            f - amulet of guardian spirit
rElec   .            d - +4 ring of slaying
rCorr   .            e - ring of magical power
SInv    .            (no ring)
Will    .....        (no ring)
Stlth   ++           (no ring)
HPRegen 0.26/turn    (no ring)
MPRegen 0.14/turn    (no ring)
                     (no ring)

%: guardian spirit
@: beast-form
A: beast (slay +2), almost no armour, amphibious, 8 rings, camouflage 1,
gelatinous body 1, (nimble swimmer 1), tentacles
a: Begin Untransformation, Renounce Religion


You were on level 4 of the Dungeon.
You worshipped Okawaru.
Okawaru was noncommittal.
You were a hulking beast.
You visited 2 branches of the dungeon, and saw 5 of its levels.

You collected 167 gold pieces.

Inventory:

Missiles
 g - 23 stones
 l - 3 boomerangs
 x - a poisoned dart (quivered)
Magical Staves
 j - a staff of air
Jewellery
 d - a +4 ring of slaying (left tentacle)
 e - a ring of magical power (right tentacle)
 f - an amulet of guardian spirit (around mantle)
Talismans
 b - a beast talisman (active)
 c - a flux talisman
Scrolls
 i - 2 scrolls of blinking
 m - 2 scrolls of immolation
 o - a scroll of poison
 t - a scroll of fear {unknown}
 u - a scroll of enchant armour {unknown}
 y - a scroll of teleportation {unknown}
 A - 3 scrolls of fog
Potions
 a - 2 potions of lignification
 h - 3 potions of cancellation
 k - a potion of invisibility
 n - 3 potions of enlightenment
 q - a potion of curing {unknown}
 s - a potion of heal wounds
 v - a potion of haste {unknown}
 w - a potion of berserk rage {unknown}
 z - a potion of brilliance {unknown}
 B - a potion of resistance {unknown}


   Skills:
 * Level 3.4 Fighting
 - Level 2.0 Dodging
 + Level 4.4 Unarmed Combat
 + Level 4.0 Shapeshifting


You had 4 spell levels left.
You didn't know any spells.
Your spell library contained the following spells:

 Spells                   Type           Power      Damage    Failure   Level
 Hailstorm                Conj/Ice       0%         3d3       67%         3
 Anguish                  Hex/Necr       0%         N/A       97%         4
 Cause Fear               Hex            0%         N/A       97%         4
 Enfeeble                 Hex            0%         N/A       100%        7
 Summon Ice Beast         Ice/Summ       Unusable   N/A       N/A         4
 Simulacrum               Ice/Necr       Unusable   N/A       N/A         6

Dungeon Overview and Level Annotations

Branches:
Dungeon (4/15)             Temple (1/1) D:4

Altars:
Ashenzari
Dithmenos
Gozag
Makhleb
Okawaru
Trog
Vehumet
Zin

Annotations:
D:4 Pikel


Innate Abilities, Weirdness & Mutations

You are a hulking beast.
Your limbs bulge with bestial killing power. (Slay +2)
You cannot wear most types of armour.
You are amphibious.
You can wear up to eight rings at the same time.
Your skin changes colour to match your surroundings (Stealth+).
Your rubbery body absorbs attacks. (AC +1, EV +1)
((You are camouflaged when in or above water. (Stealth+)))
You have tentacles for arms and can constrict up to eight enemies at once.


Message History

Pikel freezes you.
You tentacle-slap Pikel.
Pikel is lightly wounded.
You constrict Pikel, but do no damage. Pikel closely misses you.
You tentacle-slap Pikel but do no damage.
Pikel is lightly wounded.
You constrict Pikel, but do no damage. Pikel barely misses you.
You tentacle-slap Pikel. You squeeze Pikel.
Pikel is lightly wounded.
You constrict Pikel, but do no damage.
Pikel hits you with a +0 whip of freezing!
Pikel freezes you.
You completely miss Pikel.
Pikel is lightly wounded.
You constrict Pikel. Pikel completely misses you.
You tentacle-slap Pikel but do no damage.
Pikel is lightly wounded.
You constrict Pikel.
Pikel hits you with a +0 whip of freezing.
Pikel freezes you.
You are too injured to fight recklessly!
You are too injured to fight recklessly!
You tentacle-slap Pikel but do no damage.
Pikel is moderately wounded.
You constrict Pikel, but do no damage. You tentacle-slap Pikel.
Pikel is heavily wounded.
You constrict Pikel.
Pikel hits you with a +0 whip of freezing!
Pikel freezes you.
You tentacle-slap Pikel but do no damage.
Pikel is heavily wounded.
You constrict Pikel. Pikel barely misses you.
You bludgeon Pikel!
Pikel is severely wounded.
You constrict Pikel.
Pikel hits you with a +0 whip of freezing!
* * * LOW HITPOINT WARNING * * *
Pikel freezes you.
You die...

............# ***,,,,,,,,,,,***
............# #(.......,,,,,**
............# ##..........,,,,*
####.......## #..............,*
.########### #..............**
..#############.............#*
#.##############...........#*
#......#########K..........,*
............####h.......###+###
............###.#.......#.....# #
.............#.###......#.###.###
...............########.'.'>#.+..
.........<....#### ###.###.###
.............####### #.....#
............####...#### ###'###
...........####.......## ##.#
..........#####........# #..#


You could see Pikel.

Vanquished Creatures
  4 lemures
  An iguana (D:4)
  5 gnolls
  5 adders
  A worm (D:2)
  2 dart slugs (D:1)
  2 orcs (D:3)
  8 ball pythons
  10 bats
  2 endoplasms
  6 giant cockroaches
  11 goblins
  8 hobgoblins
  6 jackals (D:4)
  A quokka (D:2)
  7 frilled lizards
  8 kobolds
  10 rats
97 creatures vanquished.

Notes
Turn   | Place    | Note
-------+----------+-------------------------------------------
     0 | D:1      | oldmanjim the Octopode Shapeshifter began the quest for the
                  | Orb.
     0 | D:1      | Reached XP level 1. HP: 13/13 MP: 1/1
   284 | D:1      | Reached XP level 2. HP: 18/18 MP: 2/2
   537 | D:1      | Reached XP level 3. HP: 24/24 MP: 3/3
   756 | D:2      | Reached XP level 4. HP: 24/30 MP: 4/4
  1108 | D:2      | Reached XP level 5. HP: 30/36 MP: 5/5
  1230 | D:2      | Found a glowing silver altar of Zin.
  1615 | D:3      | Found a faded altar of an unknown god.
  2112 | D:4      | Found a staircase to the Ecumenical Temple.
  2116 | Temple   | Found a transporter.
  2116 | Temple   | Found a transporter.
  2116 | Temple   | Found a transporter.
  2116 | Temple   | Found a transporter.
  2116 | Temple   | Entered the Ecumenical Temple
  2131 | Temple   | Became a worshipper of Warmaster Okawaru
  2196 | D:4      | Noticed a lemure
  2213 | D:3      | Killed a lemure
  2430 | D:4      | Noticed a lemure
  2431 | D:4      | Noticed Pikel
  2431 | D:4      | Noticed a lemure
  2447 | D:4      | Killed a lemure
  2494 | D:4      | Noticed a lemure
  2508 | D:3      | Killed a lemure
  2988 | D:4      | Killed a lemure
  3057 | D:4      | Slain by Pikel

Illustrated notes

Levels and vault maps discovered:
D:1:      lightli_arrival_noodles, layout_basic, grunt_decor_resistance,
          minmay_misc_feat_room, wander_ebering_terrifying_dragon_lair
D:2:      layout_rooms, basic_altar, nicolae_kite_square_tiling_tiny,
          chequers_garden, kennysheep_cross_room, grunt_decor_mini_mirrors,
          minmay_fractal_squares_gapless_5
D:3:      layout_loops_ring, nicolae_ecumenical_lake_church,
          minmay_pentomino_pile
D:4:      layout_cave_pods, minmay_temple_entry_glassed_door,
          patterned_corridor, uniq_pikel
Temple:   hellmonk_temple_divided_pantheon

Skill      XL: |  1  2  3  4  5 |
---------------+----------------+-----
Fighting       | 2 3 |  3.4
Unarmed Combat | 4 |  4.4
Shapeshifting  | 4 |  4.0
Dodging        | |  2.0

Action                     |  1- 3 |  4- 6 || total
---------------------------+-------+-------++-------
  Melee: Unarmed           |    61 |   107 ||   168
         Constrict         |    16 |    26 ||    42
         Tentacles         |     6 |    17 ||    23
         Punch             |     2 |       ||     2
  Throw: Dart              |       |    11 ||    11
         Stone             |       |     6 ||     6
    Use: Scroll            |       |    10 ||    10
   Stab: Sleeping          |     5 |     7 ||    12
         Distracted        |     1 |     1 ||     2
 Armour: Skin              |    13 |     4 ||    17
  Dodge: Dodged            |    43 |    42 ||    85

Table legend: (Time is in decaauts)
 A = Elapsed time spent in this place.
 B = Non-inter-level travel time spent in this place.
 C = Inter-level travel time spent in this place.
 D = Time resting spent in this place.
 E = Time spent auto-exploring this place.
 F = Levels seen in this place.
 G = Mean time per level.
                   A        B        C        D        E       F      G
               +--------+--------+--------+--------+--------+-----+--------+
         Total |   3046 |   2893 |    153 |    138 |   2097 |   5 |  609.2 |
       Dungeon |   3012 |   2868 |    144 |    138 |   2097 |   4 |  753.0 |
        Temple |     33 |     24 |      9 |      0 |      0 |   1 |   33.0 |
               +--------+--------+--------+--------+--------+-----+--------+

Top non-repeatable levels by time:
     D:3: 957 daAuts
     D:4: 802 daAuts
     D:1: 688 daAuts
     D:2: 563 daAuts
  Temple: 33 daAuts
